Map: Oxide LE

Players

LiquidClem (Clem)

  • Race: Terran Terran
  • Spawn Location: 1:00

Trap - Winner!

  • Race: Protoss Protoss
  • League: Master
  • Spawn Location: 7:00

VOD

Have the link to the VOD?

Description

Time

  • Played on: Jan. 17, 2021, 9:37 a.m.
  • Length: 6:19
Show
View Real Time Build Order
Export as new Build Order

LiquidClem Terran 

Build Orders: Reaper Expand 

Get SALT Encoding   

  12  0:00  SCV  
  13  0:12  SCV  
  14  0:17  Supply Depot  
  14  0:24  SCV  
  15  0:38  SCV  
  15  0:39  Barracks  
  16  0:43  Refinery  
  16  0:50  SCV  
  17  1:02  SCV  
  18  1:15  SCV  
  19  1:25  Reaper  
  19  1:27  Orbital Command  
  20  1:45  Command Center  
  20  1:50  Supply Depot  
  20  1:52  SCV  
  21  1:58  Barracks Reactor  
  21  2:04  SCV  
  22  2:10  Barracks  
  22  2:16  SCV  
  22  2:19  Bunker  
  23  2:29  SCV  
  24  2:34  Marine x2  
  26  2:37  Barracks  
  26  2:41  SCV  
  27  2:51  Marine x2  
  27  2:53  SCV  
  27  2:57  Orbital Command  
  30  2:58  Barracks Tech Lab  
  30  3:05  SCV  
  31  3:09  Marine x2  
  33  3:17  Marine  
  33  3:18  Stimpack  
  33  3:19  SCV  
  35  3:23  SCV  
  35  3:24  Barracks Tech Lab  
  35  3:27  Supply Depot, Marine x2  
  36  3:31  SCV  
  39  3:35  SCV  
  39  3:36  Marauder  
  42  3:42  Combat Shield  
  42  3:43  Marauder  
  42  3:45  Supply Depot  
  42  3:46  SCV  
  42  3:47  Marine  
  46  3:48  Marine  
  46  3:51  SCV  
  48  3:56  Engineering Bay  
  48  4:01  Marauder, SCV  
  51  4:03  SCV  
  51  4:05  Marine  
  51  4:07  Refinery  
  51  4:09  Supply Depot, Marine  
  53  4:12  Marauder  
  53  4:14  SCV  
  56  4:19  SCV  
  56  4:20  Supply Depot  
  57  4:25  Marine  
  57  4:26  SCV  
  57  4:30  Factory  
  59  4:31  SCV  
  59  4:32  Marine  
  59  4:33  Marine  
  62  4:38  Supply Depot  
  62  4:44  Marine  
  59  4:46  Refinery  
  59  4:47  Missile Turret  
  59  4:48  Marine  
  51  4:53  Marine  
  38  5:06  SCV  
  34  5:11  SCV  
  34  5:15  Marine  
  34  5:18  Marine  
  31  5:23  SCV  
  31  5:25  Marine  
  34  5:28  SCV  
  31  5:37  SCV  
  31  5:38  Marine x3  
  33  5:43  SCV, Marine  
  33  5:49  SCV  
  36  5:53  Starport  
  36  5:56  Factory Reactor  
  36  5:58  SCV  
  36  6:01  Marine  
Show
View Real Time Build Order
Export as new Build Order

Trap Protoss - Winner!

Build Orders: 1 Gate Expand, Dark Templar Rush 

Get SALT Encoding   

  12  0:00  Probe  
  13  0:12  Probe  
  14  0:19  Pylon  
  14  0:24  Probe  
  15  0:37  Gateway, Probe (Chrono Boost)  
  16  0:47  Probe (Chrono Boost)  
  16  0:49  Assimilator  
  17  0:52  Probe (Chrono Boost)  
  18  1:03  Probe  
  19  1:15  Probe  
  20  1:24  Cybernetics Core  
  20  1:33  Nexus  
  20  1:41  Pylon  
  20  1:44  Probe  
  21  1:50  Assimilator  
  21  1:56  Probe  
  21  1:58  Adept (Chrono Boost)  
  24  2:02  Warp Gate  
  24  2:08  Probe  
  25  2:20  Probe (Chrono Boost)  
  25  2:21  Twilight Council  
  26  2:25  Adept  
  28  2:32  Probe (Chrono Boost)  
  29  2:40  Probe (Chrono Boost)  
  29  2:45  Probe (Chrono Boost)  
  29  2:50  Robotics Facility  
  31  2:52  Probe (Chrono Boost)  
  31  2:55  Probe (Chrono Boost)  
  32  2:59  Probe (Chrono Boost)  
  32  3:00  Probe (Chrono Boost)  
  34  3:10  Dark Shrine  
  34  3:11  Probe  
  34  3:12  Probe  
  36  3:19  Gateway  
  36  3:23  Probe  
  36  3:24  Probe  
  38  3:28  Gateway  
  38  3:36  Probe  
  38  3:37  Warp Prism (Chrono Boost)  
  41  3:50  Stalker  
  41  3:52  Pylon  
  41  3:54  Assimilator  
  43  3:56  Probe  
  43  3:57  Assimilator  
  43  3:59  Probe  
  45  4:07  Pylon  
  45  4:09  Probe (Chrono Boost)  
  46  4:11  Probe (Chrono Boost)  
  47  4:23  Probe (Chrono Boost)  
  49  4:25  Dark Templar  
  49  4:26  Dark Templar x2  
  49  4:27  Probe (Chrono Boost)  
  49  4:30  Probe (Chrono Boost)  
  56  4:32  Pylon  
  56  4:33  Probe (Chrono Boost)  
  56  4:36  Pylon  
  56  4:38  Pylon  
  57  4:49  Dark Templar  
  57  4:51  Immortal (Chrono Boost)  
  63  5:00  Dark Templar  
  63  5:02  Probe x2  
  54  5:09  Zealot  
  48  5:17  Probe x2  
  46  5:25  Dark Templar  
  48  5:29  Probe (Chrono Boost)  
  48  5:33  Probe (Chrono Boost)  
  50  5:41  Probe (Chrono Boost)  
  52  5:45  Probe (Chrono Boost)  
  52  5:46  Observer, Probe (Chrono Boost)  
  52  5:47  Nexus  
  54  5:53  Probe  
  54  5:54  Dark Templar  
  57  5:59  Dark Templar  
  57  6:01  Probe (Chrono Boost)  
  60  6:06  Pylon  
Tags
 
Add a new tag
Caveats
  • Supply blocks, unpowered buildings, or Contaminate may cause inaccurate times.
  • Supply counts are checked every 10 seconds.